 Dungeon Crawl Stone Soup version 0.30.1-9-gdf580d7c3d (webtiles) character file.

Game seed: 12974031435402176899

118 leafyfresh the Covert (level 5, 0/47 HPs)
             Began as a Gnoll Delver on Oct 12, 2023.
             Splashed by a jelly's acid (10 damage)
             ... on level 5 of the Dungeon.
             The game lasted 00:00:39 (354 turns).

leafyfresh the Covert (Gnoll Delver)                 Turns: 354, Time: 00:00:39

Health: 0/47       AC: -8    Str: 11    XL:     5   Next: 2%
Magic:  7/7        EV: 13    Int: 10    God:
Gold:   38         SH:  0    Dex: 15    Spells: 6/6 levels left

rFire   . . .        a - +0 short sword
rCold   . . .        (no shield)
rNeg    . . .        b - +0 leather armour
rPois   .            (no helmet)
rElec   .            (no cloak)
rCorr   .            (no gloves)
SInv    .            (no boots)
Will    .....        (no amulet)
Stlth   ++++         (no ring)
HPRegen 0.27/turn    (no ring)
MPRegen 0.10/turn

%: no passive effects
@: corroded
A: fangs 1, strong nose, distributed training
a: no special abilities


You were on level 5 of the Dungeon.
You visited 1 branch of the dungeon, and saw 1 of its levels.

You collected 38 gold pieces.

Inventory:

Hand Weapons
 a - a +0 short sword (weapon)
Armour
 b - a +0 leather armour (worn)
Wands
 g - a wand of digging (3)
Scrolls
 c - a scroll of fog
 d - a scroll of magic mapping
 e - a scroll of fear
 i - a scroll of butterflies {unknown}
 k - a scroll of enchant armour {unknown}
 l - 5 scrolls of identify {unknown}
Potions
 f - a potion of haste
 h - a potion of curing {unknown}
 j - a potion of degeneration {unknown}


   Skills:
 + Level 6.6 Fighting
 + Level 4.7 Short Blades
 + Level 1.4 Long Blades
 + Level 1.4 Axes
 + Level 1.4 Maces & Flails
 + Level 1.4 Polearms
 + Level 1.4 Staves
 + Level 1.4 Ranged Weapons
 + Level 1.4 Throwing
 + Level 1.4 Armour
 + Level 4.7 Dodging
 + Level 9.6 Stealth
 + Level 1.4 Shields
 + Level 1.4 Unarmed Combat
 + Level 1.4 Spellcasting
 + Level 1.1 Conjurations
 + Level 1.1 Hexes
 + Level 1.1 Summonings
 + Level 1.1 Necromancy
 + Level 1.1 Translocations
 + Level 1.1 Transmutations
 + Level 1.1 Fire Magic
 + Level 1.1 Ice Magic
 + Level 1.1 Air Magic
 + Level 1.1 Earth Magic
 + Level 1.1 Poison Magic
 + Level 1.5 Invocations
 + Level 1.4 Evocations


You had 6 spell levels left.
You didn't know any spells.
Your spell library contained the following spells:

 Spells                   Type           Power      Damage    Failure   Level
 Lesser Beckoning         Tloc           4%         N/A       38%         2
 Gell's Gravitas          Tloc           2%         N/A       63%         3
 Teleport Other           Tloc           2%         N/A       63%         3


Dungeon Overview and Level Annotations

Branches:
Dungeon (5/15)
 Temple: D:4-7

Altars:


Innate Abilities, Weirdness & Mutations

You have very sharp teeth.
Your uncanny sense of smell can sniff out nearby items.
Your experience applies equally to all skills.


Message History

An orc comes into view. It is wielding a +0 hand axe.
An orc and a jelly come into view.
There are monsters nearby!
An orc comes into view. It is wielding a +0 club.
Found 9 gold pieces.
There are monsters nearby!
An ufetubus comes into view.
Found a faintly glowing mace.
Unknown command.
You see here a +0 leather armour.
Found a scroll labelled EMMONY VEGAIMO.
The orc shouts! x2
The jelly quivers.
You hear a shout!
You see here a scroll labelled EMMONY VEGAIMO.
l - 5 scrolls labelled EMMONY VEGAIMO (gained 1)
You hit the jelly but do no damage. The acid corrodes you!
Your hands burn!
The jelly barely misses you.
You hit the jelly.
Your hands burn!
The jelly is lightly wounded.
The jelly hits you. The acid corrodes you!
You are splashed with acid!
You hit the jelly.
Your hands burn!
The jelly is moderately wounded.
You hit the jelly but do no damage.
Your hands burn!
You bite the jelly, but do no damage.
The jelly is moderately wounded.
The jelly closely misses you.
You hit the jelly but do no damage.
Your hands burn!
The jelly is moderately wounded.
The jelly hits you. The acid corrodes you!
You are splashed with acid!
* * * LOW HITPOINT WARNING * * *
Unknown command.
You hit the jelly but do no damage.
Your hands burn!
* * * LOW HITPOINT WARNING * * *
You bite the jelly, but do no damage.
The jelly is moderately wounded.
The jelly hits you.
* * * LOW HITPOINT WARNING * * *
You are splashed with acid!
You die...

#.. #.######
#.#...$#
#.#.##.#####...
#.#.[..........
#.#..#....o....
##########
#.#..#####.....
#........###.#..#
..5.$.
#.######..@J....#
∆#.J.).. #.#
#####..#o# ..# ..
#######.#
##.#.###.#### #
........#
#.#........#
#########
#....#####.# #..#.#
#..#.# #....# ##.#
#######.#.#####...#


You could see a jelly and an orc.

Vanquished Creatures
  An ogre (D:5)
  A jelly (D:5)
  A shadow imp (D:5)
3 creatures vanquished.

Notes
Turn   | Place    | Note
-------+----------+-------------------------------------------
     0 | D:5      | Reached skill level 9 in Stealth
     0 | D:5      | leafyfresh the Gnoll Delver began the quest for the Orb.
     0 | D:5      | Reached XP level 1. HP: 23/23 MP: 1/1
    33 | D:5      | Noticed an ogre
    35 | D:5      | Killed an ogre
    36 | D:5      | Reached skill level 1 in Long Blades
    36 | D:5      | Reached skill level 1 in Axes
    36 | D:5      | Reached skill level 1 in Maces & Flails
    36 | D:5      | Reached skill level 1 in Polearms
    36 | D:5      | Reached skill level 1 in Staves
    36 | D:5      | Reached skill level 1 in Ranged Weapons
    36 | D:5      | Reached skill level 1 in Throwing
    36 | D:5      | Reached skill level 1 in Armour
    36 | D:5      | Reached skill level 1 in Shields
    36 | D:5      | Reached skill level 1 in Unarmed Combat
    36 | D:5      | Reached skill level 1 in Spellcasting
    36 | D:5      | Reached skill level 1 in Conjurations
    36 | D:5      | Reached skill level 1 in Hexes
    36 | D:5      | Reached skill level 1 in Summonings
    36 | D:5      | Reached skill level 1 in Necromancy
    36 | D:5      | Reached skill level 1 in Translocations
    36 | D:5      | Reached skill level 1 in Transmutations
    36 | D:5      | Reached skill level 1 in Fire Magic
    36 | D:5      | Reached skill level 1 in Ice Magic
    36 | D:5      | Reached skill level 1 in Air Magic
    36 | D:5      | Reached skill level 1 in Earth Magic
    36 | D:5      | Reached skill level 1 in Poison Magic
    36 | D:5      | Reached skill level 1 in Invocations
    36 | D:5      | Reached skill level 1 in Evocations
    36 | D:5      | Reached XP level 2. HP: 29/29 MP: 1/3
    36 | D:5      | Reached XP level 3. HP: 35/35 MP: 1/4
    36 | D:5      | Reached XP level 4. HP: 41/41 MP: 1/5
   223 | D:5      | Reached XP level 5. HP: 47/47 MP: 7/7
   354 | D:5      | Splashed by a jelly's acid

Illustrated notes

Levels and vault maps discovered:
D:5:      layout_loops_ring, grunt_temple_overflow_growth_and_decay

Skill      XL: |  1 |
---------------+----+-----
Stealth        | |  9.6
Long Blades    | 1 |  1.4
Axes           | 1 |  1.4
Maces & Flails | 1 |  1.4
Polearms       | 1 |  1.4
Staves         | 1 |  1.4
Ranged Weapons | 1 |  1.4
Throwing       | 1 |  1.4
Armour         | 1 |  1.4
Shields        | 1 |  1.4
Unarmed Combat | 1 |  1.4
Spellcasting   | 1 |  1.4
Conjurations   | 1 |  1.1
Hexes          | 1 |  1.1
Summonings     | 1 |  1.1
Necromancy     | 1 |  1.1
Translocations | 1 |  1.1
Transmutations | 1 |  1.1
Fire Magic     | 1 |  1.1
Ice Magic      | 1 |  1.1
Air Magic      | 1 |  1.1
Earth Magic    | 1 |  1.1
Poison Magic   | 1 |  1.1
Invocations    | 1 |  1.5
Evocations     | 1 |  1.4
Fighting       | |  6.6
Short Blades   | |  4.7
Dodging        | |  4.7

Action                     |  1- 3 |  4- 6 || total
---------------------------+-------+-------++-------
  Melee: Short sword       |     1 |    12 ||    13
         Bite              |       |     2 ||     2
   Stab: Sleeping          |     1 |     1 ||     2
 Armour: Leather armour    |       |     3 ||     3
  Dodge: Dodged            |       |     3 ||     3
